 Dungeon Crawl Stone Soup version 0.28-a0-769-g550dbda0cd (webtiles) character file.

Game seed: 3219916409581085214

161 porpoise the Magician (level 5, 0/28 HPs)
             Began as a Deep Elf Conjurer on Nov 1, 2021.
             Succumbed to a killer bee's poison
             ... on level 4 of the Dungeon.
             The game lasted 00:08:25 (2863 turns).

porpoise the Magician (Deep Elf Conjurer)           Turns: 2863, Time: 00:08:26

Health: 0/28       AC:  2    Str:  4    XL:     5   Next: 18%
Magic:  4/15       EV: 12    Int: 24    God:
Gold:   40         SH:  0    Dex: 13    Spells: 4/15 levels left

rFire   . . .      SeeInvis .   a - +2 hand axe (elec)
rCold   . . .      Faith    .   (no shield)
rNeg    . . .      Spirit   .   e - +0 robe
rPois   .          Reflect  .   (no helmet)
rElec   .          Harm     .   (no cloak)
rCorr   .          Rampage  .   (no gloves)
Will    .....                   (no boots)
Stlth   ++........              (no amulet)
HPRegen 0.09/turn               (no ring)
MPRegen 0.14/turn               (no ring)

@: lethally poisoned (0 -> -12), very slightly contaminated
A: no striking features
a: no special abilities


You were on level 4 of the Dungeon.
You visited 1 branch of the dungeon, and saw 4 of its levels.

You collected 120 gold pieces.
You spent 80 gold pieces at shops.

Inventory:

Hand Weapons
 a - a +2 hand axe of electrocution (weapon)
 p - a +0 rapier
Missiles
 b - 16 poisoned darts (quivered)
 g - 59 stones
Armour
 e - a +0 robe (worn)
Jewellery
 j - a ring of ice
Wands
 l - a wand of flame (8)
Scrolls
 c - a scroll of blinking {unknown}
 k - a scroll of enchant armour {unknown}
 o - a scroll of torment {unknown}
 q - a scroll of vulnerability {unknown}
 r - a scroll of enchant weapon {unknown}
 s - a scroll of identify {unknown}
Potions
 d - 2 potions of attraction {unknown}
 f - a potion of might {unknown}
 h - a potion of haste {unknown}
 i - 2 potions of curing
 m - a potion of lignification {unknown}
 n - a potion of brilliance {unknown}
 t - a potion of heal wounds


   Skills:
 - Level 2.4 Dodging
 - Level 2.4 Stealth
 + Level 5.5 Spellcasting
 - Level 5.3 Conjurations
 + Level 2.7 Hexes


You had 4 spell levels left.
You knew the following spells:

 Your Spells              Type           Power      Damage    Failure   Level
a - Magic Dart            Conj           100%       1d8       1%          1
b - Searing Ray           Conj           64%        2d6       1%          2
c - Fulminant Prism       Conj/Hex       13%        3d9       16%         4
d - Iskenderun's Mystic   Conj/Tloc      19%        2d6       28%         4

Your spell library contained the following spells:

 Spells                   Type           Power      Damage    Failure   Level
 Dazzling Flash           Conj/Hex       52%        N/A       4%          3
 Mephitic Cloud           Conj/Pois/Air  15%        N/A       12%         3
 Call Imp                 Summ           6%         N/A       13%         2


Dungeon Overview and Level Annotations

Branches:
Dungeon (4/15)
 Temple: D:4-7

Altars:
Elyvilon
Makhleb
Uskayaw
Xom
Zin

Shops:
D:3 ==[!=

Annotations:
D:2 Sigmund


Message History

The killer bee stings you! The killer bee barely misses you.
Your Spellcasting skill increases to level 5!
Your Hexes skill gained 2 levels and is now at level 2!
The searing ray hits the killer bee!
The killer bee is almost dead.
The killer bee stings you. The killer bee barely misses you.
The searing ray hits the killer bee!
You kill the killer bee!
You finish channelling your searing ray.
You have reached level 5!
You start resting.
A killer bee comes into view.
Casting: Searing Ray (safe; 1% risk of failure)
Confirm with . or Enter, or press ? or * to list all spells.
Aiming: Searing Ray (safe; 1% risk of failure)
Press: ? - help, Shift-Dir - straight line, f - killer bee
Aim: a killer bee (wandering, hasn't noticed you, 61% to hit)
You miscast Searing Ray.
You are very lightly contaminated with residual magic.
Nothing appears to happen.
The killer bee buzzes angrily.
You hear an angry buzzing noise.
Casting: Searing Ray (safe; 1% risk of failure)
Confirm with . or Enter, or press ? or * to list all spells.
Aiming: Searing Ray (safe; 1% risk of failure)
Press: ? - help, Shift-Dir - straight line, f/p - killer bee
Aim: a killer bee (61% to hit)
The searing ray hits the killer bee!
The killer bee is severely wounded. (Press . to maintain the ray.)
The killer bee misses you. The killer bee closely misses you.
The searing ray misses the killer bee.
The killer bee stings you!
* * * LOW HITPOINT WARNING * * *
The killer bee stings you.
* * * LOW HITPOINT WARNING * * *
You are lethally poisoned!
The killer bee poisons you!
Unknown command.
The searing ray hits the killer bee!
You kill the killer bee!
You die...

#......)....#.# #.#..#
+.......###.#.# #.#..#
#.......#...#.# ..#..#
#.......#.#.#.#####..#
#.......#.#.#†. ...#
#.......#.#.#.#####..#
###.#####...#.#...#
#.#######.#†#.#.#
........#@#.#.#
........#...#.#
........#####.#
######........#
#..#####.# #..# #.#
#..# #.# ##.# #.# #.#
..#


There were no monsters in sight!

Vanquished Creatures
  3 killer bees (D:4)
  An adder (D:2)
  A gnoll (D:1)
  A worm (D:2)
  5 orcs
  3 endoplasms (D:3)
  2 giant cockroaches
  10 goblins
  4 hobgoblins
  2 jackals (D:1)
  A quokka (D:3)
  2 ball pythons
  5 bats
  A kobold (D:3)
  7 rats
48 creatures vanquished.

Notes
Turn   | Place    | Note
-------+----------+-------------------------------------------
     0 | D:1      | porpoise the Deep Elf Conjurer began the quest for the Orb.
     0 | D:1      | Reached XP level 1. HP: 10/10 MP: 6/6
   351 | D:1      | Reached XP level 2. HP: 13/15 MP: 2/8
   405 | D:1      | Learned a level 2 spell: Searing Ray
  1131 | D:2      | Noticed Sigmund
  1138 | D:2      | Found a glowing silver altar of Zin.
  1227 | D:2      | Reached skill level 5 in Conjurations
  1227 | D:2      | Reached XP level 3. HP: 19/19 MP: 8/10
  1831 | D:3      | Found Yfus's Jewellery Boutique.
  1934 | D:3      | Found a burning altar of Makhleb.
  1960 | D:3      | Found Imnufuisk's Jewellery Boutique.
  2201 | D:3      | Found a white marble altar of Elyvilon.
  2201 | D:3      | Found a hide-covered altar of Uskayaw.
  2216 | D:3      | Found a shimmering altar of Xom.
  2336 | D:3      | Found Puonli's Antique Armour Boutique.
  2442 | D:3      | Reached XP level 4. HP: 24/24 MP: 9/12
  2468 | D:3      | Learned a level 4 spell: Fulminant Prism
  2473 | D:3      | Learned a level 4 spell: Iskenderun's Mystic Blast
  2553 | D:3      | Found a faded altar of an unknown god.
  2641 | D:3      | Found Qauh's Distillery.
  2650 | D:3      | Bought a potion of heal wounds for 50 gold pieces
  2650 | D:3      | Bought a potion of curing for 30 gold pieces
  2674 | D:3      | Found Haokkoet's Jewellery Emporium.
  2848 | D:4      | Reached skill level 5 in Spellcasting
  2850 | D:4      | Reached XP level 5. HP: 15/28 MP: 8/15
  2863 | D:4      | Succumbed to a killer bee's poison

Illustrated notes

Levels and vault maps discovered:
D:1:      dpeg_arrival_shrine, layout_basic
D:2:      layout_rooms, basic_altar, uniq_sigmund
D:3:      layout_loops_cross, chequers_temple_overflow_statue_of_worship,
          overflow_temple_1_default, chequers_ecumenical_altar_twisty,
          serial_shops, nicolae_shop_stone, nicolae_shop_stone,
          nicolae_shop_trees, nicolae_lakefront_shop, shop, dk_noncrumbling_3
D:4:      layout_basic, mainiacjoe_overflow_alcove_1, roderic_lattice_a

Skill      XL: |  1  2  3  4 |
---------------+-------------+-----
Spellcasting   | 4 5 |  5.5
Conjurations   | 5 |  5.3
Hexes          | 2 |  2.7
Dodging        | |  2.4
Stealth        | |  2.4

Action                   |  1- 3 |  4- 6 || total
-------------------------+-------+-------++-------
Throw: Dart              |     3 |       ||     3
 Cast: Magic Dart        |    43 |     5 ||    48
       Searing Ray       |    10 |     3 ||    13
Armor: Robe              |     1 |     1 ||     2
Dodge: Dodged            |     5 |     4 ||     9

Table legend: (Time is in decaauts)
 A = Elapsed time spent in this place.
 B = Non-inter-level travel time spent in this place.
 C = Inter-level travel time spent in this place.
 D = Time resting spent in this place.
 E = Time spent auto-exploring this place.
 F = Levels seen in this place.
 G = Mean time per level.
                   A        B        C        D        E       F      G
               +--------+--------+--------+--------+--------+-----+--------+
         Total |   2869 |   2816 |     53 |    986 |   1490 |   4 |  717.2 |
       Dungeon |   2869 |   2816 |     53 |    986 |   1490 |   4 |  717.2 |
               +--------+--------+--------+--------+--------+-----+--------+

Top non-repeatable levels by time:
     D:1: 1136 daAuts
     D:3: 920 daAuts
     D:2: 694 daAuts
     D:4: 117 daAuts
